 Dungeon Crawl Stone Soup version 0.30-a0-394-g3e4acdb0ae (webtiles) character file.

Game seed: 8945485801410757418

105 Ijustatesigmund the Magician (level 4, -1/25 HPs)
             Began as a Deep Elf Fire Elementalist on Dec 6, 2022.
             Slain by a gnoll
             ... wielding a +0 flail
              (11 damage)
             ... on level 2 of the Dungeon.
             The game lasted 00:03:16 (2011 turns).

Ijustatesigmund the Magician (DEFE)                 Turns: 2011, Time: 00:03:17

Health: -1/25      AC:  2    Str:  5    XL:     4   Next: 54%
Magic:  8/21       EV: 12    Int: 22    God:
Gold:   49         SH:  0    Dex: 15    Spells: 8/11 levels left

rFire   . . .      SeeInvis .    c - +0 rapier
rCold   . . .      Faith    .    (no shield)
rNeg    . . .      Spirit   .    a - +0 robe
rPois   .          Reflect  .    (no helmet)
rElec   .          Harm     .    (no cloak)
rCorr   .          Rampage  .    (no gloves)
Will    .....                    (no boots)
Stlth   ++........               (no amulet)
HPRegen 0.24/turn                d - ring of magical power
MPRegen 0.17/turn                (no ring)

@: no status effects
A: no striking features
a: no special abilities


You were on level 2 of the Dungeon.
You visited 1 branch of the dungeon, and saw 2 of its levels.

You collected 99 gold pieces.
You spent 50 gold pieces at shops.

Inventory:

Hand Weapons
 c - a +0 rapier (weapon)
Armour
 a - a +0 robe (worn)
Jewellery
 d - a ring of magical power (left hand)
Scrolls
 e - a scroll of teleportation
 g - a scroll of torment {unknown}
 i - a scroll of poison {unknown}
Potions
 b - a potion of magic
 f - a potion of haste
 h - a potion of curing


   Skills:
 + Level 1.0 Fighting
 - Level 2.4 Dodging
 - Level 2.4 Stealth
 + Level 4.3 Spellcasting
 + Level 2.7 Conjurations
 + Level 4.2 Fire Magic


You had 8 spell levels left.
You knew the following spells:

 Your Spells              Type           Power      Damage    Failure   Level
a - Foxfire               Conj/Fire      80%        2x1d8     2%          1
b - Scorch                Fire           46%        2d7       3%          2

Your spell library contained the following spells:

 Spells                   Type           Power      Damage    Failure   Level
 Inner Flame              Hex/Fire       14%        N/A       14%         3
 Kindle Blastsparks       Fire/Tloc/Air  20%        2d11      19%         3
 Flame Wave               Conj/Fire      20%        2d7       26%         4


Dungeon Overview and Level Annotations

Branches:
Dungeon (2/15)

Altars:

Shops:
D:2 ?


Message History

The gnoll is moderately wounded.
The gnoll's fire resistance burns away.
The gnoll hits you with a +0 club! The gnoll hits you with a +0 club.
Casting: Scorch (safe; 3% risk of failure)
Confirm with . or Enter, or press ? or * to list all spells.
Flames lash the gnoll.
The gnoll is burned terribly!
You kill the gnoll!
The hobgoblin closely misses you.
Casting: Scorch (safe; 3% risk of failure)
Confirm with . or Enter, or press ? or * to list all spells.
Flames lash the gnoll.
The gnoll is severely wounded.
The gnoll's fire resistance burns away.
The hobgoblin misses you. The hobgoblin completely misses you.
Casting: Scorch (safe; 3% risk of failure)
Confirm with . or Enter, or press ? or * to list all spells.
Flames lash the gnoll.
The gnoll is heavily wounded.
The gnoll's fire resistance burns away.
The hobgoblin hits you. The hobgoblin hits you.
Casting: Scorch (safe; 3% risk of failure)
Confirm with . or Enter, or press ? or * to list all spells.
Flames lash the goblin.
You kill the goblin!
The hobgoblin closely misses you.
The gnoll is no longer more vulnerable to fire.
The hobgoblin barely misses you.
Casting: Scorch (safe; 3% risk of failure)
Confirm with . or Enter, or press ? or * to list all spells.
Flames lash the hobgoblin.
You kill the hobgoblin!
Your Fighting skill increases to level 1!
The gnoll is no longer more vulnerable to fire.
The gnoll misses you.
Casting: Scorch (safe; 3% risk of failure)
Confirm with . or Enter, or press ? or * to list all spells.
Flames lash the gnoll.
The gnoll is heavily wounded.
The gnoll's fire resistance burns away.
The gnoll hits you with a +0 flail!
You die...

###.# #.#... .....
#.##.# ##...r #. #∩#
#!...g#### ##..
#..gg.r..##########.##..
#g)...........##..
#g######........). #g#
#.########. #@# #.# #.
#.# #.# #. #.# #.# #.
#.# #.# #. #.# #.# #.
#.######.# #. #........#
#. #######..# #.
#..########.


You could see 3 gnolls and a quokka.

Vanquished Creatures
  Natasha (D:2)
  Terence (D:2)
  A gnoll (D:2)
  An adder (D:2)
  A dart slug (D:1)
  4 endoplasms (D:2)
  2 giant cockroaches (D:2)
  2 goblins (D:2)
  3 hobgoblins (D:2)
  3 jackals (D:2)
  3 kobolds
  3 quokkas
  2 ball pythons
  3 bats (D:1)
  2 frilled lizards
  A rat (D:2)
33 creatures vanquished.

Vanquished Creatures (others)
  39 foxfires
39 creatures vanquished.

Grand Total: 72 creatures vanquished

Notes
Turn   | Place    | Note
-------+----------+-------------------------------------------
     0 | D:1      | Ijustatesigmund the Deep Elf Fire Elementalist began the
                  | quest for the Orb.
     0 | D:1      | Reached XP level 1. HP: 10/10 MP: 6/6
   725 | D:1      | Reached XP level 2. HP: 15/15 MP: 8/8
   770 | D:1      | Learned a level 2 spell: Scorch
  1124 | D:2      | Noticed Natasha
  1129 | D:2      | Noticed a crimson imp
  1139 | D:2      | Killed Natasha
  1140 | D:2      | Reached XP level 3. HP: 14/19 MP: 10/10
  1245 | D:2      | Noticed Terence
  1264 | D:2      | Killed Terence
  1265 | D:2      | Reached XP level 4. HP: 16/24 MP: 4/12
  1494 | D:2      | Found Duosougg's Magic Scroll Boutique.
  1502 | D:2      | Bought a scroll of identify for 20 gold pieces
  1502 | D:2      | Bought a scroll of teleportation for 30 gold pieces
  2010 | D:2      | Reached skill level 1 in Fighting
  2011 | D:2      | Slain by a gnoll

Illustrated notes

Levels and vault maps discovered:
D:1:      dpeg_arrival_rhombus, layout_loops_ring
D:2:      layout_loops_ring, serial_shops, shop, uniq_terence, uniq_natasha

Skill      XL: |  1  2  3  4 |
---------------+-------------+-----
Conjurations   | 2 |  2.7
Spellcasting   | 4 |  4.3
Fire Magic     | 4 |  4.2
Fighting       | 1 |  1.0
Dodging        | |  2.4
Stealth        | |  2.4

Action                   |  1- 3 |  4- 6 || total
-------------------------+-------+-------++-------
 Cast: Foxfire           |    24 |     3 ||    27
       Scorch            |    12 |    20 ||    32
  Use: Scroll            |     1 |     2 ||     3
       Potion            |     1 |       ||     1
Dodge: Dodged            |     7 |     8 ||    15

Table legend: (Time is in decaauts)
 A = Elapsed time spent in this place.
 B = Non-inter-level travel time spent in this place.
 C = Inter-level travel time spent in this place.
 D = Time resting spent in this place.
 E = Time spent auto-exploring this place.
 F = Levels seen in this place.
 G = Mean time per level.
                   A        B        C        D        E       F      G
               +--------+--------+--------+--------+--------+-----+--------+
         Total |   2009 |   1968 |     41 |    339 |   1402 |   2 | 1004.5 |
       Dungeon |   2009 |   1968 |     41 |    339 |   1402 |   2 | 1004.5 |
               +--------+--------+--------+--------+--------+-----+--------+

Top non-repeatable levels by time:
     D:1: 1031 daAuts
     D:2: 977 daAuts
